 Dungeon Crawl Stone Soup version 0.31.0-9-g3a7656b989 (webtiles) character file.

Game seed: 2472607357693547923

32 stipulation the Ruffian (level 3, -4/31 HPs)
             Began as a Ghoul Monk on Jan 25, 2024.
             Slain by Terence
             ... wielding a +0 falchion
              (10 damage)
             ... on level 2 of the Dungeon.
             The game lasted 00:00:27 (763 turns).

stipulation the Ruffian (Ghoul Monk)                 Turns: 763, Time: 00:00:27

Health: -4/31      AC:  2    Str: 16    XL:     3   Next: 25%
Magic:  3/3        EV: 12    Int:  9    God:
Gold:   66         SH:  0    Dex: 11    Spells: 2/2 levels left

rFire   . .          .
                       - Unarmed
rCold   + . .        c - orb {light}
rNeg    + + +        a - +0 robe
rPois   ∞            (no helmet)
rElec   .            (no cloak)
rCorr   .            (no gloves)
SInv    .            (no boots)
Will    .....        (no amulet)
Stlth   +            (no ring)
HPRegen 0.00/turn    (no ring)
MPRegen 0.08/turn

%: no passive effects
@: inhibited regen, glowing
A: claws 1, cold resistance 1, negative energy resistance 3, inhibited
regeneration, torment resistance 2, devour on kill
a: no special abilities


You were on level 2 of the Dungeon.
You visited 1 branch of the dungeon, and saw 2 of its levels.

You collected 66 gold pieces.

Inventory:

Armour
 a - a +0 robe (worn)
 c - an orb of light (worn)
Jewellery
 f - a +6 ring of dexterity
Scrolls
 e - 2 scrolls of identify {unknown}
 g - a scroll of revelation {unknown}
 h - a scroll of vulnerability {unknown}
 i - a scroll of noise {unknown}
 j - a scroll of brand weapon {unknown}
Potions
 b - a potion of ambrosia
 d - 3 potions of brilliance {unknown}


   Skills:
 - Level 3.2 Fighting
 - Level 2.6 Dodging
 + Level 4.7 Unarmed Combat


You had 2 spell levels left.
You didn't know any spells.
Your spell library was empty.

Dungeon Overview and Level Annotations

Branches:
Dungeon (1/15)

Altars:

Shops:
D:1 =(

Annotations:
D:2 Terence


Innate Abilities, Weirdness & Mutations

You are immune to poison.
You have sharp fingernails.
Your flesh is cold resistant. (rC+)
You are immune to negative energy. (rN+++)
You do not regenerate when monsters are visible.
You are immune to unholy pain and torment.
You thrive by killing the living.


Message History

You scratch Terence but do no damage.
Terence is moderately wounded.
Terence hits you with a +0 falchion.
You scratch Terence.
Terence is moderately wounded.
The jackal closely misses you. Terence hits you with a +0 falchion.
The jackal closely misses you.
You scratch Terence.
Terence is heavily wounded.
The jackal bites you. x2; Terence hits you but does no damage.
You scratch Terence.
Terence is severely wounded.
The jackal closely misses you. The jackal bites you.
Terence closely misses you.
You barely miss Terence.
Terence is severely wounded.
The jackal closely misses you. The jackal misses you.
A goblin comes into view. It is wielding a +0 club.
Terence misses you.
You scratch Terence.
Terence is severely wounded.
The jackal bites you.
* * * LOW HITPOINT WARNING * * *
The jackal bites you.
* * * LOW HITPOINT WARNING * * *
The jackal closely misses you. The jackal misses you.
You barely miss Terence.
Terence is severely wounded.
Terence misses you. The jackal misses you. The jackal bites you.
* * * LOW HITPOINT WARNING * * *
You scratch Terence but do no damage.
Terence is severely wounded.
The jackal barely misses you. x2; Terence completely misses you.
You barely miss Terence.
Terence is severely wounded.
The jackal barely misses you. The jackal bites you.
* * * LOW HITPOINT WARNING * * *
Terence hits you with a +0 falchion!
You die...
Terence says, "Rest in peace."

#..........#
#..........#
#..........#
#..........#
#..........#
#..........#
#..........#
##h.........#
######Kh@#.....###
.......@##.....#
#..##..J.......#
#g.........#
......J.....#
.............#
....##.........
.... #.....?...
... ......$...


You could see Terence, an endoplasm, 2 jackals, a goblin and a kobold.

Vanquished Creatures
  2 ball pythons (D:1)
  2 bats (D:1)
  An endoplasm (D:1)
  3 goblins (D:1)
  5 hobgoblins (D:1)
  3 jackals (D:1)
  3 quokkas (D:1)
  2 frilled lizards (D:1)
  3 kobolds (D:1)
  5 rats
29 creatures vanquished.

Notes
Turn   | Place    | Note
-------+----------+-------------------------------------------
     0 | D:1      | stipulation the Ghoul Monk began the quest for the Orb.
     0 | D:1      | Reached XP level 1. HP: 19/19 MP: 1/1
   139 | D:1      | Reached XP level 2. HP: 26/26 MP: 2/2
   145 | D:1      | Reached skill level 4 in Unarmed Combat
   234 | D:1      | Found Offoesom's Weapon Shoppe.
   355 | D:1      | Reached XP level 3. HP: 31/31 MP: 3/3
   628 | D:1      | Found Oschohon's Jewellery Emporium.
   734 | D:1      | You fall into a shaft and drop 1 floor!
   750 | D:2      | Noticed Terence
   763 | D:2      | Slain by Terence

Illustrated notes

Levels and vault maps discovered:
D:1:      elethiomel_arrival_quiet, layout_loops_ring, serial_shops,
          nicolae_lakefront_shop, nicolae_shop_rolling_square, st_stairs_4,
          minmay_octomino_e4
D:2:      layout_rooms, basic_ecumenical_altar, uniq_terence

Skill      XL: |  1  2 |
---------------+-------+-----
Unarmed Combat | 4 |  4.7
Fighting       | |  3.2
Dodging        | |  2.6

Action                     || total
---------------------------++-------
  Melee: Unarmed           ||    68
 Armour: Robe              ||    34
  Dodge: Dodged            ||    47
